 Dungeon Crawl Stone Soup version 0.27-a0-592-g0306a34022 (webtiles) character file.

Game seed: 11819003402527233761

2101 jestyr24 the Carver (level 9, -3/78 HPs)
             Began as a Minotaur Fighter on Mar 10, 2021.
             Was an Initiate of Gozag.
             Slain by a sixfirhy (11 damage)
             ... summoned by a kobold demonologist
             ... on level 7 of the Dungeon.
             The game lasted 00:32:17 (7018 turns).

jestyr24 the Carver (Minotaur Fighter)              Turns: 7018, Time: 00:32:19

Health: -3/78      AC: 10    Str: 31    XL:     9   Next: 7%
Magic:  8/8        EV: 11    Int:  5    God:    Gozag
Gold:   925        SH: 12    Dex: 11    Spells: 8/8 levels left

rFire    . . .     SeeInvis .   a - +0 long sword
rCold    . . .     Faith    .   x - +0 kite shield
rNeg     . . .     Spirit   .   y - +2 leather armour of Grot {-Cast Str+8}
rPois    .         Reflect  .   (helmet restricted)
rElec    .         Harm     .   j - +0 cloak
rCorr    .         Rampage  .   (no gloves)
Will     .....     NoCast   +   B - +2 pair of boots
Stlth    +.........             (no amulet)
HPRegen  0.23/turn              (no ring)
MPRegen  0.11/turn              (no ring)

@: gold aura, hasted, very quick
A: horns 2, retaliatory headbutt
a: Renounce Religion, Potion Petition, Call Merchant, Bribe Branch


You were on level 7 of the Dungeon.
You worshipped Gozag.
Gozag was pleased with you.
You visited 2 branches of the dungeon, and saw 8 of its levels.
You also visited: Ossuary.

You collected 1012 gold pieces.
You paid 87 gold pieces to Gozag.

Inventory:

Hand Weapons
 a - a +0 long sword (weapon)
 m - a +0 long sword
 u - a +3 dagger
Missiles
 e - 163 stones (quivered)
 E - 10 boomerangs
Armour
 b - a +0 scale mail
 c - a +0 kite shield
 j - a +0 cloak (worn)
 x - a +0 kite shield (worn)
 y - the +2 leather armour of Grot (worn) {-Cast Str+8}
   (You found it on level 5 of the Dungeon)

   It affects your strength (+8).
   It prevents spellcasting.
 B - a +2 pair of boots (worn)
Jewellery
 r - a ring of fire
Scrolls
 f - a scroll of magic mapping
 k - a scroll of fear
 n - a scroll of summoning {unknown}
 q - a scroll of blinking {unknown}
 t - 3 scrolls of teleportation {unknown}
 w - 7 scrolls of identify
 C - a scroll of random uselessness {unknown}
 D - a scroll of enchant weapon {unknown}
 F - a scroll of enchant armour {unknown}
Potions
 d - a potion of might
 g - 2 potions of resistance {unknown}
 h - 3 potions of brilliance {unknown}
 i - a potion of magic {unknown}
 l - 4 potions of haste
 o - a potion of berserk rage {unknown}
 p - 6 potions of curing
 s - 3 potions of heal wounds {unknown}
 v - a potion of flight {unknown}
 z - 3 potions of ambrosia {unknown}
 A - a potion of lignification {unknown}


   Skills:
 + Level 6.5 Fighting
 + Level 9.2 Long Blades
 + Level 0.2 Throwing
 + Level 6.1 Armour
 + Level 3.4 Dodging
 - Level 1.2 Stealth
 + Level 7.9 Shields


You had 8 spell levels left.
You didn't know any spells.
Your spell library was empty.

Dungeon Overview and Level Annotations

Branches:
Dungeon (7/15)             Temple (1/1) D:5         Ossuary (visited)

Altars:
Ashenzari
Cheibriados
Dithmenos
Elyvilon
Fedhas
Gozag
Hepliaklqana
Kikubaaqudgha
Makhleb
Nemelex Xobeh
Okawaru
Qazlal
Ru
Sif Muna
Trog
Uskayaw
Vehumet
Xom
Yredelemnul
Zin
The Shining One


Innate Abilities, Weirdness & Mutations

You have a pair of horns on your head.
You reflexively headbutt those who attack you in melee.


Message History

You block the ice devil's attack.
The kobold demonologist gestures wildly while chanting.
The white imp shouts, "Capitulate, thou gorbellied doghearted foot-licker!"
You closely miss the kobold demonologist.
Your headbutt misses the kobold demonologist.
The kobold demonologist is heavily wounded.
The ice devil disappears in a puff of smoke!
You block the kobold demonologist's attack.
The red devil hops backward while attacking.
Something hits you.
You miss the kobold demonologist. You headbutt the kobold demonologist.
The kobold demonologist is heavily wounded.
You block the sixfirhy's attack. The sixfirhy closely misses you.
You riposte.
You closely miss the sixfirhy. Your headbutt misses the sixfirhy.
You block the sixfirhy's attack.
The kobold demonologist hits you but does no damage.
The sixfirhy hits you but does no damage.
The kobold demonologist mumbles some strange words.
You feel yourself speed up. The sixfirhy barely misses you.
You furiously retaliate!
You headbutt the sixfirhy. You block the sixfirhy's attack.
The sixfirhy hits you. The sixfirhy shocks you!
* * * LOW HITPOINT WARNING * * *
The kobold demonologist gestures wildly while chanting.
The red devil hops backward while attacking.
Something barely misses you.
You miss the kobold demonologist. You headbutt the kobold demonologist!
The kobold demonologist is almost dead.
The kobold demonologist hits you with a +0 dagger.
* * * LOW HITPOINT WARNING * * *
You block the red devil's attack.
You closely miss the sixfirhy. Your headbutt misses the sixfirhy.
You hit the sixfirhy. Your headbutt misses the sixfirhy.
The sixfirhy is lightly wounded.
You block the sixfirhy's attack. x2; The sixfirhy barely misses you.
You furiously retaliate!
You headbutt the sixfirhy! The sixfirhy hits you!
* * * LOW HITPOINT WARNING * * *
The sixfirhy shocks you!
You die...
Your body crumbles into a pile of gold.

###...........# #......# #.#
#.....))..#### #..###..( #.#
....#..)##.# ##...# ###. #.#
..###...##.###....## #.##
###...#........##.# #..#
#.#.....#..###..# ##.#
#.#.....##.>...## #.# #
#....#####.3### # #.#
#.....#####3@.# #.###.##
...........KK#4# #.#.....
#.......###4##.## #.......
.....###3KK..# ###..... #
##...#5#...#######....... #
#....5K4.................
.####......5....#............
..................#.........
#..........................


You could see a soul eater (summoned), a rust devil (summoned), 2 kobold
demonologists, 2 sixfirhies and a red devil (summoned).

Vanquished Creatures
  An ice beast (D:7)
  An orc warrior (D:7)
  2 ogres
  6 centaurs
  2 phantoms
  A bullfrog (D:6)
  A scorpion (D:5)
  A crimson imp (D:2)
  6 centaur zombies
  A hound (D:7)
  A bullfrog skeleton (D:7)
  A centaur skeleton (D:5)
  3 orc priests
  A jelly (D:7)
  2 worker ants (D:5)
  5 orc wizards
  2 iguanas (D:7)
  A hound skeleton (D:4)
  5 mummies (Ossuary)
  4 gnolls (D:2)
  8 adders
  A worm (D:4)
  2 dart slugs
  4 leopard geckos
  19 orcs
  5 ball pythons
  3 giant cockroaches
  7 goblins
  8 hobgoblins
  18 jackals
  4 quokkas
  11 bats
  8 frilled lizards
  3 hobgoblin zombies (Ossuary)
  A jackal skeleton (D:5)
  10 kobolds
  2 quokka skeletons
  6 rats
167 creatures vanquished.

Vanquished Creatures (others)
  23 plants (D:2)
23 creatures vanquished.

Grand Total: 190 creatures vanquished

Notes
Turn   | Place    | Note
-------+----------+-------------------------------------------
     0 | D:1      | jestyr24 the Minotaur Fighter began the quest for the Orb.
     0 | D:1      | Reached XP level 1. HP: 19/19 MP: 0/0
   227 | D:1      | Reached XP level 2. HP: 27/27 MP: 1/1
   922 | D:2      | Reached XP level 3. HP: 20/33 MP: 2/2
   965 | D:2      | Reached skill level 3 in Long Blades
   972 | D:2      | Reached XP level 4. HP: 12/40 MP: 3/3
  1574 | D:2      | Found a burning altar of Makhleb.
  1585 | D:2      | Reached skill level 4 in Long Blades
  1585 | D:2      | Reached XP level 5. HP: 40/46 MP: 4/4
  1900 | D:2      | Found a shimmering altar of Xom.
  2573 | D:3      | Reached skill level 5 in Shields
  2850 | D:3      | Reached XP level 6. HP: 45/53 MP: 5/5
  3003 | D:4      | Found an opulent altar of Gozag.
  3030 | D:4      | Became a worshipper of Gozag Ym Sagoz the Greedy
  3074 | D:4      | Reached skill level 5 in Long Blades
  3104 | D:4      | Reached skill level 1 in Stealth
  3444 | D:4      | Found a broken altar of Ashenzari.
  3450 | D:4      | Found an iron altar of Okawaru.
  3450 | D:4      | Found a blossoming altar of Fedhas.
  3453 | D:4      | Found an opulent altar of Gozag.
  3900 | D:5      | Entered Level 5 of the Dungeon
  3949 | D:5      | Reached skill level 1 in Dodging
  3963 | D:5      | Found a staircase to the Ecumenical Temple.
  3975 | D:5      | Reached skill level 5 in Armour
  3988 | Temple   | Entered the Ecumenical Temple
  4314 | D:5      | Identified the +2 leather armour of Grot {-Cast Str+8}
  4330 | D:5      | Reached XP level 7. HP: 17/60 MP: 6/6
  4331 | D:5      | Reached skill level 5 in Fighting
  4574 | D:5      | Found a sand-covered staircase.
  4579 | Ossuary  | Entered an ossuary
  4588 | Ossuary  | Reached skill level 6 in Long Blades
  5119 | D:5      | Found a hide-covered altar of Uskayaw.
  5400 | D:6      | Reached skill level 7 in Long Blades
  5400 | D:6      | Reached XP level 8. HP: 66/70 MP: 7/7
  5490 | D:6      | Found a shadowy altar of Dithmenos.
  6072 | D:7      | Reached skill level 8 in Long Blades
  6728 | D:7      | Reached skill level 9 in Long Blades
  6740 | D:7      | Reached XP level 9. HP: 56/78 MP: 8/8
  6977 | D:7      | Noticed a kobold demonologist
  6977 | D:7      | Noticed a kobold demonologist
  6999 | D:7      | Noticed an ice devil
  7011 | D:7      | Noticed a hellwing
  7011 | D:7      | Noticed a sixfirhy
  7012 | D:7      | Noticed a soul eater
  7012 | D:7      | Noticed a red devil
  7014 | D:7      | Noticed a rust devil
  7015 | D:7      | Noticed a sixfirhy
  7018 | D:7      | Slain by a sixfirhy

Illustrated notes

Levels and vault maps discovered:
D:1:      mrwooster_arrival_statue, layout_basic
D:2:      layout_basic, makhleb_grotto_becter, old_standard_altar, serial_bayou,
          serial_bayou_lake_a, serial_bayou_shore_a, serial_bayou_shore_b,
          serial_bayou_lagoon_a, serial_bayou_pond_d
D:3:      minmay_chambers_of_threes, layout_basic
D:4:      layout_basic, marbit_many_paths, grunt_temple_overflow_open,
          serial_shops, shop_statue, hangedman_decor_lopped,
          nicolae_gozag_seed_capital
D:5:      layout_basic, minmay_temple_entry_arrows, basic_altar,
          lightli_ossuary_entry_decrepit_ruins
D:6:      layout_basic, lemuel_crystal_altar
D:7:      layout_rooms
Temple:   nicolae_temple_great_sept

Skill      XL: |  1  2  3  4  5  6  7  8 |
---------------+-------------------------+-----
Shields        | 4 5 6 7 |  7.9
Fighting       | 4 5 6 |  6.5
Long Blades    | 3 4 5 7 9 |  9.2
Armour         | 4 5 6 |  6.1
Stealth        | 1 |  1.2
Dodging        | 1 2 3 |  3.4
Throwing       | |  0.2

Action                   |  1- 3 |  4- 6 |  7- 9 || total
-------------------------+-------+-------+-------++-------
Melee: Long sword        |    67 |   193 |   168 ||   428
       Headbutt          |     5 |    33 |    39 ||    77
Throw: Stone             |    21 |       |       ||    21
  Use: Potion            |       |     1 |     1 ||     2
       Scroll            |       |       |     4 ||     4
Armor: Scale mail        |    49 |   101 |       ||   150
       Leather armour    |       |       |    46 ||    46
Dodge: Dodged            |    28 |    67 |    61 ||   156
Block: Kite shield       |    50 |   127 |    99 ||   276
       Rpst.: Long sword |     8 |    13 |    19 ||    40

Table legend: (Time is in decaauts)
 A = Elapsed time spent in this place.
 B = Non-inter-level travel time spent in this place.
 C = Inter-level travel time spent in this place.
 D = Time resting spent in this place.
 E = Time spent auto-exploring this place.
 F = Levels seen in this place.
 G = Mean time per level.
                   A        B        C        D        E       F      G
               +--------+--------+--------+--------+--------+-----+--------+
         Total |   7203 |   7060 |    143 |   1527 |   2996 |   9 |  800.3 |
       Dungeon |   6602 |   6471 |    131 |   1160 |   2925 |   7 |  943.1 |
        Temple |    321 |    309 |     12 |    237 |     71 |   1 |  321.0 |
       Ossuary |    279 |    279 |      0 |    130 |      0 |   1 |  279.0 |
               +--------+--------+--------+--------+--------+-----+--------+

Top non-repeatable levels by time:
     D:2: 1293 daAuts
     D:3: 1249 daAuts
     D:6: 1037 daAuts
     D:5: 893 daAuts
     D:1: 890 daAuts
     D:7: 620 daAuts
     D:4: 618 daAuts
  Temple: 321 daAuts
 Ossuary: 279 daAuts
